Cogmind - Beta 14 @@@ ROGUE MODE // 2024.09.01 @ 18:42:09 Player: Beef Result: Destroyed by P-70 Sage with High-powered Shock Rifle Performance ------------- Evolutions (5) 2500 Regions Visited (13) 2600 Robots Destroyed (139) 695 Value Destroyed (4478) 4478 Prototype IDs (17) 340 Alien Tech Used (0) 0 Bonus (374) 374 TOTAL SCORE: 10987 Bonus ------- High Alert Combat Kills 98 Met Data Miner 300 Friendly Fire -24 Cogmind --------- Core Integrity 0/1000 Matter 270/300 Energy 185/290 System Corruption 6% Temperature Cool (0) Movement Walking (190) Ox1 Location -5/Factory Parts ------- > --- POWER (1) -------- Improved Deuterium Engine > --- PROPULSION (4) --- Improved Carbon-fiber Leg > --- UTILITY (10) ----- Enhanced Optical Array Advanced Signal Interpreter Improved Terrain Scan Processor Melee Analysis Suite Phase Shifter Cloaking Device Improved Utility Shielding Improved Hacking Suite Improved Hacking Suite System Shield > --- WEAPON (2) ------- Chainsword Heavy Pick > --- INVENTORY (5) ---- Medium Storage Unit Peak State ------------ > --- POWER ------------ Micro Fission Core > --- PROPULSION ------- Gravmag Array Gravmag Array > --- UTILITY ---------- Improved Heat Sink Medium Storage Unit Enhanced Optical Array Advanced Signal Interpreter Improved Terrain Scan Processor Armor Integrity Analyzer Phase Shifter Hacking Suite System Shield Improved System Shield > --- WEAPON ----------- Magnetic Acceleration Cannon Great Axe > --- INVENTORY -------- Improved Deuterium Engine Improved Carbon-fiber Leg Improved Carbon-fiber Leg Improved Carbon-fiber Leg Compact Matter Pod Improved Light Armor Plating System Shield Advanced Plasma Cannon Advanced Plasma Cannon Makeshift Spear [Rating: 76] Favorites ----------- Power Light Nuclear Core Engine Light Ion Engine Power Core Light Nuclear Core Propulsion Light Treads Treads Light Treads Leg Carbon-fiber Leg Wheel Compact Wheel Hover Unit Gravmag Array Flight Unit Nuclear Pulse Thruster Utility Medium Storage Unit Device Improved Heat Sink Storage Medium Storage Unit Processor Terrain Scan Processor Hackware Improved System Shield Protection Improved Medium Armor Plating Weapon Minigun Energy Gun Beam Rifle Energy Cannon Ion Cannon Ballistic Gun Minigun Ballistic Cannon Advanced Assault Cannon Launcher Rocket Launcher Impact Weapon Heavy Mace Slashing Weapon Great Axe Piercing Weapon Heavy Pick Build | -11 -10 -10 -9 -9 -9 -8 -8 -7 -6 -6 -6 -5 -5 ------- Run | Yrd Mat Min Mat Min Exi Min Mat Fac Fac Low Dat Pro Fac Slots Evolved 10 | . . . 2 . . . 2 2 2 . . . 2 Power . | . . . . . . . . . . . . . . Propulsion 2 | . . . . . . . . 1 1 . . . . Utility 8 | . . . 2 . . . 2 1 1 . . . 2 Weapon . | . . . . . . . . . . . . . . Parts Attached 200 | 8 9 7 22 6 . 9 38 27 33 . . 6 35 Power 24 | 1 1 1 2 . . 2 3 7 3 . . 1 3 Engine 12 | 1 1 1 1 . . 1 2 1 2 . . 1 1 Core 12 | . . . 1 . . 1 1 6 1 . . . 2 Reactor . | . . . . . . . . . . . . . . Propulsion 41 | 2 . 2 5 . . . 7 7 10 . . 1 7 Treads 11 | 2 . . 4 . . . 1 4 . . . . . Leg 19 | . . 2 1 . . . 6 2 4 . . . 4 Wheel 1 | . . . . . . . . 1 . . . . . Hover 9 | . . . . . . . . . 6 . . 1 2 Flight 1 | . . . . . . . . . . . . . 1 Utility 63 | 2 4 . 6 2 . 1 13 6 12 . . 1 16 Device 21 | 1 1 . 4 1 . . 2 2 5 . . 1 4 Storage 3 | 1 1 . 1 . . . . . . . . . . Processor 18 | . 2 . . 1 . . 6 1 5 . . . 3 Hackware 8 | . . . . . . . . . 1 . . . 7 Protection 13 | . . . 1 . . 1 5 3 1 . . . 2 Artifact . | . . . . . . . . . . . . . . Weapon 72 | 3 4 4 9 4 . 6 15 7 8 . . 3 9 Energy Gun 10 | 1 . . 5 . . . . 1 2 . . 1 . Energy Cannon 6 | . . . . . . . 2 2 . . . . 2 Ballistic Gun 24 | 2 2 2 2 2 . 3 8 . 2 . . 1 . Ballistic Cannon 6 | . . . . . . . . 3 2 . . 1 . Launcher 15 | . 2 2 2 2 . 3 4 . . . . . . Special Weapon . | . . . . . . . . . . . . . . Impact Weapon 1 | . . . . . . . . 1 . . . . . Slashing Weapon 6 | . . . . . . . 1 . 2 . . . 3 Piercing Weapon 4 | . . . . . . . . . . . . . 4 Special Melee Weapon . | . . . . . . . . . . . . . . Unidentified Prototypes 4 | . . . 1 . . . . 2 1 . . . . Parts Lost 84 | . 1 4 4 . . 4 21 5 15 . . 5 25 Power 10 | . . 1 . . . 2 2 . 2 . . 1 2 Propulsion 24 | . . 2 2 . . . 6 3 3 . . 1 7 Utility 25 | . 1 . . . . 1 5 1 6 . . 1 10 Weapon 25 | . . 1 2 . . 1 8 1 4 . . 2 6 Highest Loss Streak 15 | . 1 2 3 . . 1 9 1 6 . . 3 15 To Critical Strikes 1 | . . . . . . . . 1 . . . . . Average Slot Usage (%) 91 | . 99 96 88 100 100 98 91 92 88 86 86 81 75 Engine 3 | . 14 14 2 . . 8 2 . 3 . . 5 . Core 4 | . . . 4 11 11 1 5 6 2 6 6 . 3 Treads 11 | . 28 3 19 22 22 22 3 10 2 . . . . Leg 4 | . . 25 2 . . . 14 8 3 . . . 1 Hover 2 | . . . . . . . . . 10 13 13 13 5 Device 9 | . 3 . 12 15 11 9 6 9 13 6 6 7 8 Storage 8 | . 14 14 11 11 11 11 9 7 6 6 6 6 2 Processor 20 | . 10 14 11 17 22 22 26 23 22 26 26 26 19 Hackware 2 | . . . . . . . . . 4 6 6 6 15 Protection 3 | . . . 2 . . 1 7 9 4 6 6 . 2 Energy Gun 1 | . . . 16 . . . . 1 . . . 1 . Energy Cannon 1 | . . . . . . . 3 4 . . . . 1 Ballistic Gun 10 | . 27 12 5 21 22 21 9 . 3 . . 3 . Ballistic Cannon 2 | . . . . . . . . 6 4 6 6 6 1 Peak Build Rating 76 | 7 9 11 22 22 22 22 30 37 69 66 66 67 76 Average Rating 32 | 5 8 9 15 21 22 20 24 32 58 66 66 60 59 On Entrance 29 | . 7 9 6 21 22 22 19 16 35 66 66 66 63 Naked Turns . | . . . . . . . . . . . . . . Heaviest Build 41 | 15 19 21 23 26 22 26 33 38 41 36 36 36 37 Greatest Support 62 | 40 40 40 40 40 40 40 40 62 40 40 40 40 51 Greatest Overweight (x) 3 | . . 1 1 . . . 1 2 1 . . . 3 Average Overweight (x) . | . . . . . . . . . . . . . . Largest Inventory Capacity 10 | 8 10 10 10 10 10 10 10 10 10 10 10 10 10 Average Capacity 9 | 7 8 10 10 10 10 10 10 10 10 10 10 10 7 Most Carried 10 | 6 9 10 10 10 10 10 10 10 10 10 10 10 10 Average Carried 8 | 3 8 9 9 9 9 9 8 7 9 10 10 8 6 Final Capacity 10 | 8 10 10 10 10 10 10 10 10 10 10 10 10 5 Final Carried 10 | 6 9 9 10 10 10 9 6 10 10 10 10 9 1 Class Distribution -------------------- 50% | Scavenger-Mutant 39% | Mutant Dominant Class ---------------- Mutant | -10/Materials Mutant | -10/Mines Scavenger-Mutant | -9/Materials Scavenger-Mutant | -9/Mines Scavenger-Mutant | -9/Exiles Scavenger-Mutant | -8/Mines Scavenger-Mutant | -8/Materials Scavenger-Mutant | -7/Factory Mutant | -6/Factory Mutant | -6/Lower Caves Mutant | -6/Data Miner Mutant | -5/Proximity Caves Hacker-Mutant | -5/Factory Resources | -11 -10 -10 -9 -9 -9 -8 -8 -7 -6 -6 -6 -5 -5 ----------- Run | Yrd Mat Min Mat Min Exi Min Mat Fac Fac Low Dat Pro Fac Matter Collected 4160 | 310 286 8 543 224 38 314 497 627 511 39 . 362 401 Remotely 137 | 97 40 . . . . . . . . . . . . Salvage Created 4763 | 136 519 28 627 258 . 325 656 431 661 53 . 179 890 Parts 264 | 12 41 8 44 15 . 17 32 18 30 2 . 3 42 Haulers Intercepted 2 | . . . 2 . . . . . . . . . . Recyclers Shooed 6 | . . . 1 1 . . . . 2 . . . 2 Parts Field Recycled . | . . . . . . . . . . . . . . Retrieved Matter . | . . . . . . . . . . . . . . Parts Self-Destructed 3 | . . . . . . . . . . . . 3 . Prevented . | . . . . . . . . . . . . . . Kills | -11 -10 -10 -9 -9 -9 -8 -8 -7 -6 -6 -6 -5 -5 ------- Run | Yrd Mat Min Mat Min Exi Min Mat Fac Fac Low Dat Pro Fac Combat Hostiles Destroyed 106 | . 13 20 13 7 . 10 12 10 11 . . 4 6 Melee 7 | . . 1 . . . . 1 . 2 . . . 3 Guns 34 | . 8 . 10 3 . 4 3 3 2 . . 1 . Cannons 17 | . . . . . . . 1 5 7 . . 3 1 AOE 47 | . 5 19 3 4 . 6 7 1 . . . . 2 Classes Destroyed 18 | 3 3 1 2 . . 2 3 1 2 . . 1 . Worker 15 | 1 . . 5 1 . . 1 . 4 . . . 3 Builder 10 | . . . . . . . 3 1 . . . . 6 Tunneler 4 | 2 . . 1 1 . . . . . . . . . Hauler 2 | . . . 2 . . . . . . . . . . Recycler 8 | 1 1 . . 1 . . 2 . . . . . 3 Mechanic 1 | . . . . . . . 1 . . . . . . Operator 4 | . . . . . . . 1 . 1 . . . 2 Watcher 6 | . 2 . 1 . . . 1 . 1 . . . 1 Swarmer 15 | . 3 3 5 3 . . . . . . . 1 . Grunt 48 | . 10 . 4 4 . 8 8 6 5 . . 1 2 Duelist 1 | . . . . . . 1 . . . . . . . Sentry 11 | . . . 4 . . . 2 2 2 . . 1 . Hunter 7 | . . . . . . 1 2 1 . . . . 3 Programmer 4 | . . . . . . . . 1 2 . . . 1 Heavy 1 | . . . . . . . . . 1 . . . . Behemoth 2 | . . . . . . . . . 1 . . 1 . Decomposer 3 | . . . . . . . . . . 3 . . . Samaritan 2 | . . . . . . . . . . . . 2 . Assembled 17 | . . 17 . . . . . . . . . . . Best Kill Streak 16 | 2 5 16 5 5 . 4 5 3 4 . . 3 10 Combat Bots Only 16 | . 5 16 4 3 . 4 3 3 4 . . 3 3 Max Kills in Single Turn 9 | 1 3 5 2 2 . 2 2 1 1 1 . 1 9 Gunslinging . | . . . . . . . . . . . . . . Exploded 5 | . 3 5 2 1 . 2 1 1 . . . . 2 Melee 1 | . . 1 . . . . 1 . 1 . . . 1 Uniques/NPCs Destroyed . | . . . . . . . . . . . . . . Combat | -11 -10 -10 -9 -9 -9 -8 -8 -7 -6 -6 -6 -5 -5 -------- Run | Yrd Mat Min Mat Min Exi Min Mat Fac Fac Low Dat Pro Fac Hostile Shots Fired 1006 | . 47 62 71 17 . 42 140 93 201 . . 64 269 Missed 315 | . 14 17 24 5 . 9 40 32 78 . . 24 72 Damage Taken 10734 | . 411 485 645 107 . 544 1733 894 2083 . . 875 2957 Core 2249 | . 74 77 146 . . 44 301 134 261 . . 205 1007 Absorbed by Shields 23 | . . . . . . . . . . . . . 23 Redirected to Shielding 68 | . . . . . . . . . . . . . 68 Regen/Repaired (Parts) 11 | . . . . . . . . . 11 . . . . Core Remaining (%) 60 | 100 . 39 . . . 52 45 80 . . . 45 . Volleys Fired 333 | 5 42 14 52 14 . 25 56 25 54 . . 32 14 Largest 2 | 2 2 2 2 2 . 2 2 2 2 . . 2 2 Hottest 196 | 40 50 66 112 61 . 72 83 140 110 . . 116 196 Shots Fired 605 | 10 82 22 87 28 . 47 90 49 105 . . 60 25 Gun 401 | 10 79 8 84 23 . 35 60 18 58 . . 25 1 Cannon 149 | . . . . . . . 12 31 47 . . 35 24 Launcher 55 | . 3 14 3 5 . 12 18 . . . . . . Special . | . . . . . . . . . . . . . . Kinetic 388 | 10 79 8 19 23 . 35 60 10 84 . . 59 1 Thermal 141 | . . . 65 . . . 12 39 . . . 1 24 Explosive 55 | . 3 14 3 5 . 12 18 . . . . . . Electromagnetic 21 | . . . . . . . . . 21 . . . . Robot Hit Streak 18 | 3 10 3 7 5 . 6 9 18 8 . . 12 12 Robot Miss Streak 7 | 1 6 6 3 2 . 3 3 4 3 . . 7 3 Penetration Max . | . . . . . . . . . . . . . . Secondary Targets 3 | . 1 . 1 . . 1 . . . . . . . Max Gunslinging Chain 1 | . 1 . 1 . . 1 . . . . . . . Shots Hit Robots 422 | 6 47 5 55 11 . 28 65 42 79 3 . 41 40 Core Hits 269 | 5 27 36 29 15 . 21 46 21 33 1 . 12 23 Critical Kills 1 | . . . . . . . . . . . . 1 . Critical Parts Destroyed 1 | . . . . . . . 1 . . . . . . Critical Strikes 10 | . . . 2 . . . 3 . 2 . . 1 2 Burn 2 | . . . 2 . . . . . . . . . . Destroy 2 | . . . . . . . 1 . . . . 1 . Blast 2 | . . . . . . . . . 2 . . . . Sever 4 | . . . . . . . 2 . . . . . 2 Melee Attacks 106 | . . . . . . . 9 10 20 4 . . 63 Impact 10 | . . . . . . . . 10 . . . . . Slashing 75 | . . . . . . . 9 . 20 4 . . 42 Piercing 21 | . . . . . . . . . . . . . 21 Sneak Attacks 19 | . . . . . . . 4 . 5 3 . . 7 Combat Hostiles . | . . . . . . . . . . . . . . Follow-up Attacks . | . . . . . . . . . . . . . . Damage Inflicted 15356 | 69 827 1290 1263 706 . 1449 2052 1089 2256 243 . 1108 3004 Guns 4117 | 69 584 45 814 184 . 322 639 382 681 . . 379 18 Cannons 2874 | . . . . . . . 186 514 923 . . 729 522 Explosions 5938 | . 243 1237 449 522 . 1127 1034 72 . . . . 1254 Melee 2419 | . . . . . . . 193 121 652 243 . . 1210 Ramming 8 | . . 8 . . . . . . . . . . . Kinetic 4889 | 69 584 45 261 184 . 322 639 236 1428 . . 1091 30 Thermal 3301 | . . . 602 . . . 186 732 . . . 17 1764 Explosive 4563 | . 243 1237 400 522 . 1127 1034 . . . . . . Electromagnetic 176 | . . . . . . . . . 176 . . . . Impact 121 | . . . . . . . . 121 . . . . . Slashing 1788 | . . . . . . . 193 . 652 243 . . 700 Piercing 510 | . . . . . . . . . . . . . 510 Highest Corruption 6 | . . . . . . . . 1 . . . . 6 Average Corruption 1 | . . . . . . . . 1 . . . . 1 Corruption Purged . | . . . . . . . . . . . . . . Corruption Blocked . | . . . . . . . . . . . . . . Effects 2 | . . . . . . . . . . . . . 2 Message Errors 1 | . . . . . . . . . . . . . 1 Heat Flow Errors 1 | . . . . . . . . . . . . . 1 Overload Shots . | . . . . . . . . . . . . . . Overflow Damage 768 | . . 61 15 16 . 96 14 19 173 136 . 52 186 Projectiles 61 | . . . . . . . . 5 . . . 52 4 Explosions 255 | . . 61 15 16 . 96 14 . . . . . 53 Melee 452 | . . . . . . . . 14 173 136 . . 129 Knockbacks 6 | . . . . . . . . 1 2 . . 3 . Impact . | . . . . . . . . . . . . . . Kinetic 6 | . . . . . . . . 1 2 . . 3 . Secondary . | . . . . . . . . . . . . . . Self-Inflicted Damage 334 | . 19 46 96 . . . 65 108 . . . . . Shots 10 | . 1 3 1 . . . 3 2 . . . . . Rammed 1 | . 1 . . . . . . . . . . . . Targets Rammed 3 | . 1 2 . . . . . . . . . . . Kicked 2 | . . 2 . . . . . . . . . . . Crushed . | . . . . . . . . . . . . . . Highest Temperature 412 | . 26 50 375 . . 87 69 400 16 . . 7 412 Average Temperature 82 | . 11 18 78 . . 31 23 120 5 . . 5 175 Received Heat Transfer 2937 | . 225 252 165 18 . 279 387 285 414 . . 150 762 Effects 9 | . . . 1 . . . . 4 . . . . 4 Shutdowns 1 | . . . . . . . . 1 . . . . . Interference 7 | . . . . . . . . 3 . . . . 4 Damage (minor) 1 | . . . 1 . . . . . . . . . . Siege Activations . | . . . . . . . . . . . . . . Robots Corrupted 1 | . . . . . . . . 1 . . . . . Combat Hostiles 1 | . . . . . . . . 1 . . . . . Parts Fried 1 | . . . . . . . . 1 . . . . . Impact Corruptions 1 | . . . . . . . . 1 . . . . . Robots Melted . | . . . . . . . . . . . . . . Combat Hostiles . | . . . . . . . . . . . . . . Parts Melted 4 | . . . 3 . . . . . . . . . 1 Heat Transferred 4836 | . . . 1497 . . . 296 1419 . . . 37 1587 Parts Sabotaged . | . . . . . . . . . . . . . . Parts Stolen . | . . . . . . . . . . . . . . Parts Stripped . | . . . . . . . . . . . . . . Power Chain Reactions . | . . . . . . . . . . . . . . Alert | -11 -10 -10 -9 -9 -9 -8 -8 -7 -6 -6 -6 -5 -5 ------- Run | Yrd Mat Min Mat Min Exi Min Mat Fac Fac Low Dat Pro Fac Peak Influence 735 | 20 430 261 430 225 . 214 258 322 388 . . . 735 Initial 152 | . 13 99 89 109 . . 16 85 152 . . . 50 Average 171 | 5 209 204 244 98 . 137 71 71 236 . . . 401 Maximum Alert Level 3 | . 2 1 2 1 . 1 1 1 1 . . . 3 Low Security (%) 57 | 100 31 43 29 71 . 49 88 96 27 . . . 28 Level 1 35 | . 61 56 67 28 . 50 11 3 72 . . . 9 Level 2 6 | . 6 . 3 . . . . . . . . . 53 Level 3 . | . . . . . . . . . . . . . 8 Level 4 . | . . . . . . . . . . . . . . Level 5 . | . . . . . . . . . . . . . . High Security . | . . . . . . . . . . . . . . Max Security . | . . . . . . . . . . . . . . Squads Dispatched 30 | . 2 . 1 1 . . 5 5 7 . . . 9 Investigation 13 | . 1 . . 1 . . 3 2 3 . . . 3 Extermination 3 | . . . . . . . . 1 1 . . . 1 Reinforcement 12 | . 1 . 1 . . . 1 1 3 . . . 5 Assault 1 | . . . . . . . . 1 . . . . . Garrison 1 | . . . . . . . 1 . . . . . . Intercept . | . . . . . . . . . . . . . . Searches Triggered . | . . . . . . . . . . . . . . Data Miner Redirects 1 | . . . . . . . . . . . . . 1 Construction Impeded 1 | . . . . . . . . . . . . . 1 Haulers Reinforced . | . . . . . . . . . . . . . . Active Scanning Responses . | . . . . . . . . . . . . . . Cargo Convoy Interrupts 1 | . . . . . . . . . 1 . . . . Stealth | -11 -10 -10 -9 -9 -9 -8 -8 -7 -6 -6 -6 -5 -5 --------- Run | Yrd Mat Min Mat Min Exi Min Mat Fac Fac Low Dat Pro Fac Distress Signals 8 | . 1 . 2 . . . 2 . 1 . . . 2 Communications Jammed . | . . . . . . . . . . . . . . Distress Signals . | . . . . . . . . . . . . . . Times Spotted 191 | . 18 30 23 7 . 10 25 15 27 . . 8 28 Peak Tracking Total 16 | . 6 16 6 3 . 4 5 3 8 . . 4 10 Tactical Retreats 19 | . . 3 . . . . 2 . 5 . . 1 8 Traps | -11 -10 -10 -9 -9 -9 -8 -8 -7 -6 -6 -6 -5 -5 ------- Run | Yrd Mat Min Mat Min Exi Min Mat Fac Fac Low Dat Pro Fac Traps Triggered 8 | . . . . . . . 4 3 . . . . 1 Indirectly . | . . . . . . . . . . . . . . Trap Hack Attempts . | . . . . . . . . . . . . . . Triggered . | . . . . . . . . . . . . . . Disarmed . | . . . . . . . . . . . . . . Reprogrammed . | . . . . . . . . . . . . . . Reused . | . . . . . . . . . . . . . . Traps Extracted . | . . . . . . . . . . . . . . Installed . | . . . . . . . . . . . . . . Triggered 2 | . . . . . . . . . 2 . . . . Machines | -11 -10 -10 -9 -9 -9 -8 -8 -7 -6 -6 -6 -5 -5 ---------- Run | Yrd Mat Min Mat Min Exi Min Mat Fac Fac Low Dat Pro Fac Machines Disabled 26 | . . 1 3 . . . 2 4 2 . . . 14 Max in Single Turn 14 | . . 1 2 . . . 1 3 1 . . . 14 Garrison Access 3 | . . . . . . . . 2 1 . . . . Machines Repaired . | . . . . . . . . . . . . . . Machines Dismantled . | . . . . . . . . . . . . . . Machines Sabotaged . | . . . . . . . . . . . . . . Overloaded Fab Kills . | . . . . . . . . . . . . . . Hacking | -11 -10 -10 -9 -9 -9 -8 -8 -7 -6 -6 -6 -5 -5 --------- Run | Yrd Mat Min Mat Min Exi Min Mat Fac Fac Low Dat Pro Fac Machines Accessed 42 | . 5 . 1 1 1 . 3 8 7 . 4 . 12 Terminals 19 | . 4 . 1 1 . . 2 4 2 . . . 5 Fabricators 3 | . . . . . . . . . . . . . 3 Repair Stations 3 | . . . . . . . . 1 1 . . . 1 Recycling Units 4 | . 1 . . . . . . . 2 . . . 1 Scanalyzers 3 | . . . . . . . . 1 1 . . . 1 Garrison Access 5 | . . . . . . . 1 2 1 . . . 1 Total Hacks 137 | . 11 . 4 3 4 . 8 19 19 . 31 . 38 Successful 89 | . 9 . 2 . 4 . 2 8 8 . 31 . 25 Failed 48 | . 2 . 2 3 . . 6 11 11 . . . 13 Catastrophic 7 | . 1 . . . . . 1 1 1 . . . 3 Database Lockouts . | . . . . . . . . . . . . . . Manual 63 | . 9 . 1 3 . . 5 13 14 . . . 18 Terminals 61 | . 10 . 4 3 . . 7 12 7 . . . 18 Fabricators 8 | . . . . . . . . . . . . . 8 Repair Stations 4 | . . . . . . . . 1 2 . . . 1 Recycling Units 4 | . 1 . . . . . . . 2 . . . 1 Scanalyzers 16 | . . . . . . . . 1 7 . . . 8 Garrison Access 9 | . . . . . . . 1 5 1 . . . 2 Terminal Hacks 46 | . 4 . 1 . 4 . . 2 1 . 31 . 3 Record 15 | . . . . . 4 . . . . . 11 . . Part Schematic 11 | . . . . . . . . . . . 11 . . Robot Schematic 6 | . . . . . . . . . . . 6 . . Prototype ID Bank 4 | . . . . . . . . . . . 3 . 1 Branch Access Points 2 | . 1 . . . . . . . 1 . . . . Terminal Index 1 | . . . . . . . . 1 . . . . . Alert Level 2 | . . . . . . . . 1 . . . . 1 Registered Components 1 | . 1 . . . . . . . . . . . . Registered Prototypes 1 | . 1 . . . . . . . . . . . . Zone Layout 3 | . 1 . 1 . . . . . . . . . 1 Fabricator Hacks 3 | . . . . . . . . . . . . . 3 Network Status 1 | . . . . . . . . . . . . . 1 Build 2 | . . . . . . . . . . . . . 2 Repair Station Hacks 2 | . . . . . . . . . 2 . . . . Scan Component 1 | . . . . . . . . . 1 . . . . Repair 1 | . . . . . . . . . 1 . . . . Recycling Unit Hacks . | . . . . . . . . . . . . . . Scanalyzer 9 | . . . . . . . . . 1 . . . 8 Insert Component 5 | . . . . . . . . . 1 . . . 4 Analyze 4 | . . . . . . . . . . . . . 4 Garrison Access Hacks 3 | . . . . . . . . 1 1 . . . 1 Seal Access 2 | . . . . . . . . 1 1 . . . . Coupler Status 1 | . . . . . . . . . . . . . 1 Unauthorized Hacks 26 | . 5 . 1 . . . 2 5 3 . . . 10 Terminals 15 | . 4 . 1 . . . 1 3 1 . . . 5 Assimilate 1 | . . . . . . . . . . . . . 1 Botnet 14 | . 4 . 1 . . . 1 3 1 . . . 4 Fabricators 2 | . . . . . . . . . . . . . 2 Fabnet 2 | . . . . . . . . . . . . . 2 Repair Stations 2 | . . . . . . . . 1 . . . . 1 Mechanics 2 | . . . . . . . . 1 . . . . 1 Recycling Units 4 | . 1 . . . . . . . 2 . . . 1 Tunnel 4 | . 1 . . . . . . . 2 . . . 1 Scanalyzers 1 | . . . . . . . . 1 . . . . . Extract 1 | . . . . . . . . 1 . . . . . Garrison Access 2 | . . . . . . . 1 . . . . . 1 Reprogram 2 | . . . . . . . 1 . . . . . 1 Data Cores Recovered 1 | . . . . . . . . . . . . . 1 Used 1 | . . . . . . . . . . . . . 1 Hacking Detections 25 | . 3 . 1 1 . . 3 6 3 . . . 8 Full Trace Events 7 | . . . . 1 . . 2 1 1 . . . 2 Feedback Events 2 | . . . . . . . . 1 . . . . 1 Corruption 2 | . . . . . . . . 1 . . . . 1 Feedback Blocked . | . . . . . . . . . . . . . . Robot Schematics Acquired 6 | . . . . . . . . . . . 6 . . Robots Built 2 | . . . . . . . . . . . . . 2 Authchips . | . . . . . . . . . . . . . . Time 40 | . . . . . . . . . . . . . 40 Total Robot Build Rating 2 | . . . . . . . . . . . . . 2 Part Schematics Acquired 21 | . . . . . . . . 6 . . 11 . 4 Parts Built 2 | . . . . . . . . . . . . . 2 Authchips . | . . . . . . . . . . . . . . Time 58 | . . . . . . . . . . . . . 58 Total Part Build Rating 14 | . . . . . . . . . . . . . 14 Parts Repaired 1 | . . . . . . . . . 1 . . . . Time 35 | . . . . . . . . . 35 . . . . Parts Recycled . | . . . . . . . . . . . . . . Recycled Matter . | . . . . . . . . . . . . . . Retrieved Matter . | . . . . . . . . . . . . . . Retrieved Components . | . . . . . . . . . . . . . . Parts Scanalyzed 5 | . . . . . . . . . 1 . . . 4 Part Schematics Acquired 4 | . . . . . . . . . . . . . 4 Parts Damaged . | . . . . . . . . . . . . . . Bothacking | -11 -10 -10 -9 -9 -9 -8 -8 -7 -6 -6 -6 -5 -5 ------------ Run | Yrd Mat Min Mat Min Exi Min Mat Fac Fac Low Dat Pro Fac Used RIF Installer . | . . . . . . . . . . . . . . Robots Hacked . | . . . . . . . . . . . . . . Non-combat . | . . . . . . . . . . . . . . Combat . | . . . . . . . . . . . . . . Robot Hacks Applied . | . . . . . . . . . . . . . . Relay Couplers Released 2 | . . . . . . . . 2 . . . . . Machine Destruction 2 | . . . . . . . . 2 . . . . . Fabnet Peak Effective % . | . . . . . . . . . . . . . . Robots Rewired . | . . . . . . . . . . . . . . Allies Hacked . | . . . . . . . . . . . . . . Hacks Repelled . | . . . . . . . . . . . . . . Allies | -11 -10 -10 -9 -9 -9 -8 -8 -7 -6 -6 -6 -5 -5 -------- Run | Yrd Mat Min Mat Min Exi Min Mat Fac Fac Low Dat Pro Fac Total Allies 3 | . . . . . . . 1 . . . . . 2 Largest Group 2 | . . . . . . . 1 . . . . . 2 Highest-Rated Group 16 | . . . . . . . 16 . . . . . 16 Highest-Rated Ally 16 | . . . . . . . 16 . . . . . 8 Total Orders . | . . . . . . . . . . . . . . Ally Attacks 3 | . . . . . . . 3 . . . . . . Total Damage 18 | . . . . . . . 18 . . . . . . Kills . | . . . . . . . . . . . . . . Allies Corrupted . | . . . . . . . . . . . . . . Allies Melted . | . . . . . . . . . . . . . . Intel | -11 -10 -10 -9 -9 -9 -8 -8 -7 -6 -6 -6 -5 -5 ------- Run | Yrd Mat Min Mat Min Exi Min Mat Fac Fac Low Dat Pro Fac Robot Analysis Total . | . . . . . . . . . . . . . . Derelict Logs Recovered 3 | . . 2 . 1 . . . . . . . . . Drone Launches . | . . . . . . . . . . . . . . Drone Recoveries . | . . . . . . . . . . . . . . Exploration | -11 -10 -10 -9 -9 -9 -8 -8 -7 -6 -6 -6 -5 -5 ------------- Run | Yrd Mat Min Mat Min Exi Min Mat Fac Fac Low Dat Pro Fac Turns Passed 9374 | 188 666 277 817 1122 750 565 902 1336 1099 110 45 662 835 Spaces Moved 6124 | 107 323 185 393 648 468 302 416 712 784 177 81 467 1061 Core 59 | 16 . . . . . . . . . . . . 43 Treads 2781 | 91 323 13 390 648 468 302 71 344 131 . . . . Legs 913 | . . 172 3 . . . 345 331 20 . . . 42 Wheels 37 | . . . . . . . . 37 . . . . . Hover 1747 | . . . . . . . . . 633 177 81 467 389 Flight 587 | . . . . . . . . . . . . . 587 Fastest Speed 40 | 50 160 120 160 160 160 160 120 115 52 56 56 56 40 Average Speed 116 | 143 160 124 160 160 160 160 144 161 79 56 56 56 51 Slowest Speed 240 | 160 160 190 190 160 160 160 240 190 190 56 56 56 200 Overloaded Moves . | . . . . . . . . . . . . . . Propulsion Burnouts . | . . . . . . . . . . . . . . Robots Hopped . | . . . . . . . . . . . . . . Cave-ins Triggered . | . . . . . . . . . . . . . . Exploration Rate (%) 49 | 4 66 39 37 92 89 76 41 13 26 30 74 65 35 Regions Visited 13 Branch Regions 7 Pre-discovered Areas 6 | . 1 . . . 1 . . . 2 . 1 . 1 Known Exits Taken 9 | . 1 . . 1 1 1 1 . 1 1 1 1 . Unknown Exits Taken 4 | 1 . 1 1 . . . . 1 . . . . . Scrap Searched 6 | . . . . 1 . 3 . . . . . 2 . Spaces Dug 43 | . . . . . . . . 3 7 1 . . 32 Terrain Destroyed 540 | . 21 121 80 23 . 52 118 18 15 1 . 9 82 Melee 43 | . . . . . . . . 3 7 1 . . 32 Projectile 22 | . . . . . . . 1 . 8 . . 9 4 AOE 475 | . 21 121 80 23 . 52 117 15 . . . . 46 Terrain Rammed . | . . . . . . . . . . . . . . Walls Destroyed . | . . . . . . . . . . . . . . Machines Disabled . | . . . . . . . . . . . . . . Actions | -11 -10 -10 -9 -9 -9 -8 -8 -7 -6 -6 -6 -5 -5 --------- Run | Yrd Mat Min Mat Min Exi Min Mat Fac Fac Low Dat Pro Fac Total 7579 | 127 389 209 498 708 470 342 604 835 1121 180 80 806 1210 Wait 613 | 2 2 . . 37 1 1 64 3 200 . . 298 5 Move 6111 | 106 322 184 392 647 467 301 415 711 783 176 80 466 1061 Hop . | . . . . . . . . . . . . . . Pick Up 97 | 6 7 . 16 2 1 4 11 22 17 . . 4 7 Fast Attach 69 | 7 2 1 6 . . 1 15 10 9 . . 1 17 Attach 68 | . 1 2 5 . . 3 12 11 14 . . 4 16 Detach 23 | . 1 2 1 . . . 3 7 4 . . . 5 Swap 64 | 1 6 4 11 6 . 5 11 7 10 . . 1 2 Drop 67 | . 5 . 15 2 1 2 8 19 10 . . . 5 Fire 333 | 5 42 14 52 14 . 25 56 25 54 . . 32 14 Melee 106 | . . . . . . . 9 10 20 4 . . 63 Ram . | . . . . . . . . . . . . . . Kick 2 | . . 2 . . . . . . . . . . . Crush 1 | . 1 . . . . . . . . . . . . Escape Stasis 25 | . . . . . . . . 10 . . . . 15 Rewire . | . . . . . . . . . . . . . . Trap . | . . . . . . . . . . . . . . Miscellaneous . | . . . . . . . . . . . . . . Route ------- -11/Scrapyard -10/Materials (discovered 3 exits: *Mat x2 / *Min) -10/Mines -9/Materials -9/Mines (discovered 3 exits: *Mat x2 / *Exi) -9/Exiles (discovered 2 exits: *Min x2) -8/Mines (discovered 2 exits: *Mat x2) -8/Materials (discovered 3 exits: *Fac x2 / *Sto) -7/Factory -6/Factory (discovered 3 exits: *Fac / *Low x2) -6/Lower Caves -6/Data Miner -5/Proximity Caves -5/Factory History --------- Turn | Location | Event 7 | -11/Scrapyard | Discovered new exit (range 16) 189 | -11/Scrapyard | Entered Materials 304 | -10/Materials | Build established: Mutant 475 | -10/Materials | Discovered new exit (range 10) 692 | -10/Materials | Discovered new exit (range 15) 716 | -10/Materials | Identified exit to Mines 855 | -10/Materials | Entered Mines 953 | -10/Mines | Assembled infested the area 958 | -10/Mines | Assisted by a Guerilla fighting off Assembled 1009 | -10/Mines | Destroyed 16 combat bots 1106 | -10/Mines | Discovered new exit (range 10) 1113 | -10/Mines | Core integrity fell below 50% 1120 | -10/Mines | Learned Materials garrison access intel 1124 | -10/Mines | Learned Materials emergency access door positions 1132 | -10/Mines | Entered Materials 1132 | -9/Materials | Evolved 2 slots: Utility x2 1681 | -9/Materials | Build established: Scavenger-Mutant 1817 | -9/Materials | Discovered new exit (range 13) 1881 | -9/Materials | Lost 3 parts (1n2w) 1949 | -9/Materials | Entered Mines 1958 | -9/Mines | Met a Derelict bent on vengeance 1998 | -9/Mines | Discovered new exit (range 11) 2047 | -9/Mines | A weapon hastily lodged in a ceiling crevice suddenly fell to the ground 2394 | -9/Mines | Received a Rocket Launcher from a helpful Derelict 2413 | -9/Mines | Discovered new exit (range 16) 2441 | -9/Mines | Identified exit to Materials 3063 | -9/Mines | Deemed a non-threat by the Exiles lab entrance 3065 | -9/Mines | Discovered new exit (range 5) 3069 | -9/Mines | Identified exit to Exiles 3071 | -9/Mines | Entered Exiles 3094 | -9/Exiles | Discovered new exit (range 15) 3115 | -9/Exiles | Identified exit to Mines 3147 | -9/Exiles | Met 8R-AWN 3177 | -9/Exiles | Met EX-HEX 3303 | -9/Exiles | Met EX-DEC 3338 | -9/Exiles | Visited The Gauntlet 3535 | -9/Exiles | Learned location of Zion (-7) 3591 | -9/Exiles | Met EX-BIN 3797 | -9/Exiles | Discovered exit to Mines (range 15) 3821 | -9/Exiles | Entered Mines 3905 | -8/Mines | Discovered exit to Materials (range 15) 4231 | -8/Mines | Discovered exit to Materials (range 12) 4386 | -8/Mines | Entered Materials 4386 | -8/Materials | Evolved 2 slots: Utility x2 4387 | -8/Materials | Identified exit to Factory 4388 | -8/Materials | Loaded intel: 1 garrison access location 4481 | -8/Materials | Discovered new exit (range 7) 4491 | -8/Materials | Identified exit to Storage 4613 | -8/Materials | Lost 9 parts (1p4n1u3w) 5147 | -8/Materials | Lost 3 parts (2u1w) 5261 | -8/Materials | Garrison activated, responded to threat 5265 | -8/Materials | Core integrity fell below 50% 5271 | -8/Materials | Discovered exit to Factory (range 11) 5288 | -8/Materials | Entered Factory 5288 | -7/Factory | Evolved 2 slots: Propulsion x1, Utility x1 5316 | -7/Factory | Lost 6 parts (1p2n1u2w) 5572 | -7/Factory | Build established: Mutant 5926 | -7/Factory | Build established: Scavenger-Mutant 6460 | -7/Factory | Discovered new exit (range 15) 6624 | -7/Factory | Entered another Factory area 6624 | -6/Factory | Evolved 2 slots: Propulsion x1, Utility x1 7079 | -6/Factory | Lost 3 parts (1p1n1u) 7160 | -6/Factory | Lost 4 parts (3u1w) 7343 | -6/Factory | Build established: Mutant 7382 | -6/Factory | Spotted B-75 Beast 7399 | -6/Factory | Cargo convoy interrupted 7445 | -6/Factory | Destroyed B-75 Beast 7474 | -6/Factory | Lost 6 parts (2n1u3w) 7501 | -6/Factory | Discovered new exit (range 10) 7578 | -6/Factory | Identified exit to Factory 7613 | -6/Factory | Identified exit to Lower Caves 7686 | -6/Factory | Repaired Corrupted Magnetic Acceleration Cannon 7723 | -6/Factory | Entered Lower Caves 7827 | -6/Lower Caves | A Derelict revealed a hidden shortcut to meet someone special 7833 | -6/Lower Caves | Identified exit to Data Miner 7833 | -6/Lower Caves | Entered Data Miner 7833 | -6/Data Miner | Discovered new exit (range 6) 7841 | -6/Data Miner | Met Data Miner 7855 | -6/Data Miner | Learned location of Section 7 (-3) 7855 | -6/Data Miner | Acquired the access code to Warlord's prototype stash 7865 | -6/Data Miner | Received God Mode back door access code from Data Miner 7878 | -6/Data Miner | Identified exit to Proximity Caves 7878 | -6/Data Miner | Entered Proximity Caves 7908 | -5/Proximity Caves | Attracted the attention of an 0b10 checkpoint 7954 | -5/Proximity Caves | Lost 3 parts (1p1u1w) 8166 | -5/Proximity Caves | Received a Behemoth hack from an annoying Tinkerer 8330 | -5/Proximity Caves | Spotted B-75 Beast 8361 | -5/Proximity Caves | Destroyed B-75 Beast 8382 | -5/Proximity Caves | Core integrity fell below 50% 8529 | -5/Proximity Caves | Discovered exit to Factory (range 12) 8540 | -5/Proximity Caves | Entered Factory 8540 | -5/Factory | Evolved 2 slots: Utility x2 8687 | -5/Factory | Fabricated R-06 Scavenger? 8746 | -5/Factory | Fabricated Imp. Cloaking Device? 8822 | -5/Factory | Incoming investigation squad redirected 8862 | -5/Factory | Lost 4 parts (1n1u2w) 8952 | -5/Factory | Core integrity fell below 50% 8986 | -5/Factory | Lost 15 parts (1p4n7u3w) 9142 | -5/Factory | Core integrity fell below 20% 9375 | -5/Factory | Destroyed by P-70 Sage with High-powered Shock Rifle Last Messages --------------- 09323_ Field strength at 60. 09324_ Field strength at 55. 09325_ Field strength at 50. 09326_ Field strength at 45. 09327_ Field strength at 40. 09328_ Field strength at 35. 09329_ Field strength at 30. 09330_ Field strength at 25. 09331_ Field strength at 20. 09332_ P-70 Sage Imp. Remote Datajack severed. 09332_ Nuclear Pulse Thruster destroyed. 09335_ Stasis field depleted. 09338_ Destroyed Imp. Heat Sink. 09338_ Subcomponent Replicator disabled. 09345_ Mic. Fission Core destroyed. 09348_ Destroyed Antigrav System. 09348_ Adv. Weight Redist. System destroyed. 09350_ P-70 Sage destroyed. 09358_ Subcomponent Replicator disabled. 09369_ Chainsword destroyed. Map ----- +----------------------------------------------------+ | ?????????????????????????????????????????????????? | | ?????????????????????????????????????????????????? | | ?????????????????????????????????????????????????? | | ?????????????????????????????????????????????????? | | ?????????????????????????????????????????????????? | | ?????????????????????????????????????????????????? | | ?????????????????????????????????????????????????? | | ?????????????????????????????????????????????????? | | ?????????????????????????????????????????????????? | | ?????????????????????????????????????????????????? | | ?????????????????????????????????????????????????? | | ?????????????????????????????????????????????????? | | ?????????????????????????????????????????????????? | | ?????????????????????????????????????????????????? | | ?????????????????????????????????????????????????? | | ?????????????????????????????????????????????????? | | ?????????????????????????????????????????????????? | | ?????????????????????????????????????????????????? | | ?????????????????????????????????????????????????? | | ??##############?????????????????????????????????? | | ??# #?????????????????????????????????? | | ??# """ """ #??????????????? ?????????????????? | | ??# """ """ ############### ?????????????????? | | ### """ """ # ^ + ??????????????????? | | # # ^ #???????????????????? | | # """ """ # p@ #???????????????????? | | + """ """ # """ """ #???????????????????? | | # """ """ ; """"" """" #???????????????????? | | # # """" | """" #???????????????????? | | ##" ! # % #???????????????????? | | # | # """ """ #???????????????????? | | # # """ """"" #???????????????????? | | ]############## """^ """"" #???????????????????? | | #????????????# #???????????????????? | | #????????????###############???????????????????? | | !#??????????????????????????????????????????????? | | #??????????????????????????????????????????????? | | !#??????????????????????????????????????????????? | | #??????????????????????????????????????????????? | | ##"#?????????????????????????????????????????????? | | ??##?????????????????????????????????????????????? | | ?????????????????????????????????????????????????? | | ?????????????????????????????????????????????????? | | ?????????????????????????????????????????????????? | | ?????????????????????????????????????????????????? | | ?????????????????????????????????????????????????? | | ?????????????????????????????????????????????????? | | ?????????????????????????????????????????????????? | | ?????????????????????????????????????????????????? | | ?????????????????????????????????????????????????? | +----------------------------------------------------+ Best States ------------- Heat Dissipation 70 Energy Generation 16 Energy Capacity 290 Matter Stores 300 Matter Capacity 300 Sight Range 22 Robot Scan Range 15 Terrain Scan Range 20 Terrain Scan Density 110 Cloak Strength 2 Additional Mass Support 9 Armor Coverage 300 Utility Shielding 66 Phase Shifting 5 Evasion (%) 62 Targeting Accuracy 6 Melee Accuracy 12 Core Analysis 6 Armor Integrity Analysis 30 Recoil Reduction 3 Offensive Hacking 24 Defensive Hacking 22 Item Schematics ----------------- Prc. Beam Rifle | -7/Factory | Extracted Gatling Laser | -7/Factory | Extracted ECM Suite | -7/Factory | Extracted Hacking Suite | -7/Factory | Extracted Hrd. Medium Armor Plating | -7/Factory | Extracted Imp. Terrain Scanner | -7/Factory | Extracted Combat Drone Bay | -6/Data Miner | Free Lgt. Regenerative Plating | -6/Data Miner | Free Cld. Gravmag System | -6/Data Miner | Free Prc. Matter Filter | -6/Data Miner | Free Hvy. Gatling Laser | -6/Data Miner | Free Imp. Heavy Treads | -6/Data Miner | Free Adv. Reaction Control System | -6/Data Miner | Free Hardcell Cannon | -6/Data Miner | Free Enh. Gauss Cannon | -6/Data Miner | Free Hvy. Disruptor Cannon | -6/Data Miner | Free Adv. Launcher Guidance Computer | -6/Data Miner | Free Med. Storage Unit | -5/Factory | Scanalyzed Phase Shifter | -5/Factory | Scanalyzed Imp. Carbon-fiber Leg | -5/Factory | Scanalyzed Imp. Deuterium Engine | -5/Factory | Scanalyzed Robot Schematics ------------------ B-48 Gladiator | -6/Data Miner | Free A-15 Conveyor | -6/Data Miner | Free E-15 Imp | -6/Data Miner | Free R-10 Processor | -6/Data Miner | Free H-66 Slayer | -6/Data Miner | Free L-61 Swordsman | -6/Data Miner | Free Fabricated ------------ R-06 Scavenger | x2 | -5/Factory | Preloaded Imp. Cloaking Device | x2 | -5/Factory | Preloaded Alien Tech Used ----------------- None Achievements -------------- Exterminator Challenges ------------ None Game ------ Seed AssemblyCouplerArray Manual? 0 Play Time 01:10:55 Cumulative 106.1 hours Start 2024.09.01 @ 17:21:54 End 2024.09.01 @ 18:42:09 Sessions 1 Manual Loads 0 Difficulty Rogue Special Mode None Game No. 120 Rogue 120 Adventurer 0 Explorer 0 Win Type - Total 2 Types 2/0/0/0/0/0/0/0/0 Lore% 39 Gallery% 61 Achievement% 46 Wizard Run 0 Options --------- Layout 0 ASCII 0 Keyboard 1 Movement Numpad Keybinds 0 Fullscreen 2 Font 18/SmallcapsGlow Map View 76x50 Zoom Use 0% Tactical HUD 1 Map Filters NONE Filters NONE Steam 1 RUN: 793c93c1-53ab-462e-b26e-f0c32db71c0d